 Dungeon Crawl Stone Soup version 0.30-a0-930-gb9d0489357 (webtiles) character file.

Game seed: 4779802281424012077

146 Demosthentine the Ducker (level 5, 0/41 HPs)
             Began as a Demonspawn Gladiator on Mar 23, 2023.
             Killed by nerve-wracking pain
             ... invoked by Grinder
              (14 damage)
             ... while paralysed by Grinder
             ... on level 3 of the Dungeon.
             The game lasted 00:01:52 (1838 turns).

Demosthentine the Ducker (Demonspawn Gladiator)     Turns: 1838, Time: 00:01:52

Health: 0/41       AC:  4    Str: 16    XL:     5   Next: 7%
Magic:  5/5        EV:  2    Int: 10    God:
Gold:   64         SH:  0    Dex: 14    Spells: 4/4 levels left

rFire   . . .      SeeInvis .    a - +1 trident
rCold   . . .      Faith    .    (no shield)
rNeg    . . .      Spirit   .    b - +0 leather armour
rPois   .          Reflect  .    (helmet restricted)
rElec   .          Rampage  .    (no cloak)
rCorr   .                        (no gloves)
Will    .....                    g - +0 pair of boots
Stlth   +                        (no amulet)
HPRegen 0.26/turn                (no ring)
MPRegen 0.09/turn                (no ring)

@: paralysed
A: antennae 1, demonic guardian 1
a: no special abilities


You were on level 3 of the Dungeon.
You visited 1 branch of the dungeon, and saw 3 of its levels.

You collected 64 gold pieces.

Inventory:

Hand Weapons
 a - a +1 trident (weapon)
Missiles
 e - a javelin (quivered)
Armour
 b - a +0 leather armour (worn)
 g - a +0 pair of boots (worn)
Scrolls
 f - a scroll of vulnerability {unknown}
Potions
 c - a potion of curing
 d - a potion of degeneration {unknown}
 h - 2 potions of heal wounds {unknown}
 i - a potion of brilliance {unknown}
 j - a potion of haste {unknown}


   Skills:
 + Level 3.2 Fighting
 + Level 3.4 Polearms
 - Level 1.7 Throwing
 + Level 1.9 Armour
 + Level 3.5 Dodging


You had 4 spell levels left.
You didn't know any spells.
Your spell library contained the following spells:

 Spells                   Type           Power      Damage    Failure   Level
 Foxfire                  Conj/Fire      0%         2x1d4     43%         1
 Fireball                 Conj/Fire      0%         3d3       100%        5
 Starburst                Conj/Fire      0%         6d3       100%        6


Dungeon Overview and Level Annotations

Branches:
Dungeon (3/15)

Altars:

Shops:
D:1 :

Annotations:
D:3 Grinder


Innate Abilities, Weirdness & Mutations

You have a pair of small antennae on your head.
A weak demonic guardian rushes to your aid.


Message History

Grinder is lightly wounded.
Grinder gestures at you.
You barely resist. Grinder hits you.
You writhe in agony.
Grinder is nearby!
You closely miss Grinder.
Grinder is lightly wounded.
Grinder blinks!
Grinder is nearby!
You closely miss Grinder.
Grinder is lightly wounded.
Grinder closely misses you.
You hit Grinder but do no damage.
Grinder is lightly wounded.
Grinder gestures at you.
You suddenly lose the ability to move!
Grinder hits you!
You writhe in agony.
Grinder hits you but does no damage.
A rat comes into view.
You can move again.
You puncture Grinder!
Grinder is heavily wounded.
Grinder closely misses you.
Unknown command.
You closely miss Grinder.
Grinder is heavily wounded.
Grinder grins, showing sharp teeth.
Grinder hits you!
You writhe in agony.
Unknown command.
You are too injured to fight recklessly!
Unknown command.
You are too injured to fight recklessly!
Unknown command.
You are too injured to fight recklessly!
Unknown command.
Unknown command.
Grinder gestures at you.
You suddenly lose the ability to move!
Grinder gestures at you. Pain shoots through your body!
You die...

#.# #.# #.#
#.##### ##.##
#.....# #...##
#####.# ....
#.# ... #.# #.#
#.########.##.#
#††......@5...#
##########.####
#.# #r# #.. #.#
#.# #.#


You could see Grinder and a rat.

Vanquished Creatures
  A centaur (D:3)
  A gnoll (D:1)
  2 dart slugs
  5 bats
  2 endoplasms (D:2)
  2 giant cockroaches
  2 goblins (D:1)
  6 hobgoblins
  6 jackals
  2 kobolds
  6 quokkas
  8 ball pythons
  2 frilled lizards
  A rat (D:1)
46 creatures vanquished.

Notes
Turn   | Place    | Note
-------+----------+-------------------------------------------
     0 | D:1      | Demosthentine the Demonspawn Gladiator began the quest for
                  | the Orb.
     0 | D:1      | Reached XP level 1. HP: 16/16 MP: 1/1
   235 | D:1      | Gained mutation: You have a pair of small antennae on your
                  | head. [demonic ancestry]
   235 | D:1      | Reached XP level 2. HP: 22/22 MP: 2/2
   359 | D:1      | Reached skill level 1 in Armour
   359 | D:1      | Reached XP level 3. HP: 3/28 MP: 3/3
   362 | D:1      | HP: 1/28 [goblin/+0 dagger (2)]
   561 | D:1      | Found Motalecw's Book Shop.
   846 | D:2      | Found a faded altar of an unknown god.
  1442 | D:3      | Noticed a centaur
  1455 | D:3      | Killed a centaur
  1456 | D:3      | Reached XP level 4. HP: 14/35 MP: 4/4
  1456 | D:3      | Gained mutation: A weak demonic guardian rushes to your
                  | aid. [demonic ancestry]
  1456 | D:3      | Reached XP level 5. HP: 17/41 MP: 5/5
  1824 | D:3      | Noticed Grinder
  1831 | D:3      | Paralysed by Grinder for 3 turns
  1836 | D:3      | Paralysed by Grinder for 5 turns
  1838 | D:3      | Killed from afar by Grinder

Illustrated notes

Levels and vault maps discovered:
D:1:      dpeg_arrival_three_same_balls, layout_basic, serial_shops,
          nicolae_lakefront_shop
D:2:      layout_basic, shapermc_ecumenical_altar_totnotflames,
          columned_hall_lemuel
D:3:      kennysheep_the_goblin_king, layout_loops_corners, tgw_xom,
          nicolae_elevator_lobby_asterisk, uniq_natasha, uniq_terence,
          uniq_grinder

Skill      XL: |  1  2  3 |
---------------+----------+-----
Polearms       | 3 |  3.4
Armour         | 1 |  1.9
Dodging        | 3 |  3.5
Fighting       | 3 |  3.2
Throwing       | |  1.7

Action                     |  1- 3 |  4- 6 || total
---------------------------+-------+-------++-------
  Melee: Trident           |   136 |    20 ||   156
  Throw: Throwing net      |     4 |       ||     4
    Use: Scroll            |     9 |       ||     9
         Potion            |     1 |       ||     1
 Armour: Leather armour    |    40 |     2 ||    42
  Dodge: Dodged            |   107 |     8 ||   115

Table legend: (Time is in decaauts)
 A = Elapsed time spent in this place.
 B = Non-inter-level travel time spent in this place.
 C = Inter-level travel time spent in this place.
 D = Time resting spent in this place.
 E = Time spent auto-exploring this place.
 F = Levels seen in this place.
 G = Mean time per level.
                   A        B        C        D        E       F      G
               +--------+--------+--------+--------+--------+-----+--------+
         Total |   1860 |   1833 |     27 |    107 |   1359 |   3 |  620.0 |
       Dungeon |   1860 |   1833 |     27 |    107 |   1359 |   3 |  620.0 |
               +--------+--------+--------+--------+--------+-----+--------+

Top non-repeatable levels by time:
     D:1: 791 daAuts
     D:2: 663 daAuts
     D:3: 406 daAuts
